 Dungeon Crawl Stone Soup version 0.22-a0-407-gb098539 (webtiles) character file.

16 dstrtnsr the Chopper (level 2, -1/27 HPs)
             Began as a Hill Orc Berserker on May 10, 2018.
             Was a Follower of Trog.
             Slain by an orc priest
             ... wielding a +0 dagger
              (4 damage)
             ... on level 2 of the Dungeon.
             The game lasted 00:00:15 (78 turns).

dstrtnsr the Chopper (Hill Orc Berserker)             Turns: 78, Time: 00:00:17

Health: -1/27      AC:  2    Str: 19    XL:     2   Next: 54%
Magic:  2/2        EV: 12    Int:  7    God:    Trog [*.....]
Gold:   0          SH:  0    Dex: 10    Spells: 1/1 levels left

rFire    . . .     SeeInvis .   a - +0 hand axe
rCold    . . .     Gourm    .   (no shield)
rNeg     . . .     Faith    .   b - +0 animal skin
rPois    .         Spirit   .   (no helmet)
rElec    .         Reflect  .   (no cloak)
rCorr    .         Harm     .   (no gloves)
MR       .....                  (no boots)
Stlth    +.........             (no amulet)
HPRegen  0.09/turn              (no ring)
MPRegen  0.08/turn              (no ring)

@: confused, berserk cooldown, slowed, very slow
A: no striking features
a: Berserk, Renounce Religion, Convert to Beogh


You were on level 2 of the Dungeon.
You worshipped Trog.
Trog was aware of your devotion.
You were not hungry.

You visited 1 branch of the dungeon, and saw 2 of its levels.

Inventory:

Hand Weapons
 a - a +0 hand axe (weapon)
Armour
 b - a +0 animal skin (worn)
Potions
 c - a potion of flight {unknown}
Comestibles
 e - a ration {!d}


   Skills:
 + Level 4.0 Fighting
 * Level 4.8 Axes
 - Level 2.1 Armour
 - Level 1.5 Dodging


You had one spell level left.
You didn't know any spells.

Dungeon Overview and Level Annotations

Branches:
Dungeon (2/15)

Altars:


Message History

The adder barely misses you.
You slash the adder!
You kill the adder!
Trog accepts your kill.
You have reached level 2!
You barely miss the kobold. The kobold barely misses you.
You barely miss the giant cockroach. You barely miss the kobold.
The giant cockroach closely misses you.
You closely miss the giant cockroach. You closely miss the kobold.
The kobold misses you.
You slash the giant cockroach!
You kill the giant cockroach!
Trog accepts your kill.
Your Fighting skill increases to level 4!
You closely miss the kobold. The kobold barely misses you.
You barely miss the kobold. You hit the kobold.
You kill the kobold!
Trog accepts your kill.
No target in view!
No target in view!
No target in view!
Calm down first, please.
You don't know any spells.
Calm down first, please.
You don't know any spells.
You start resting.
You feel a strong urge to attack something.
Calm down first, please.
Calm down first, please.
Calm down first, please.
Calm down first, please.
Calm down first, please.
No target in view!
Calm down first, please.
Calm down first, please.
No target in view!
Calm down first, please.
No target in view!
Calm down first, please.
No target in view!
Calm down first, please.
Calm down first, please.
You start resting.
You feel your anger nearly subside.
You are no longer berserk.
You are exhausted.
You feel yourself slow down.
You start resting.
An orc comes into view. It is wielding a hand axe.
An orc is nearby!
An orc is nearby!
An orc is nearby!
An orc is nearby!
An orc is nearby!
A rat comes into view.
An orc wizard comes into view. It is wielding a dagger.
There are monsters nearby!
There are monsters nearby!
There are monsters nearby!
An orc and an orc priest come into view.
The orc shouts!
The orc priest threatens, "By the altar or by the axe, you will meet Beogh!" (press Y on the ability menu to convert to Beogh)
The orc priest shouts!
The orc wizard shouts!
You hear a shout!
The orc wizard points at you and mumbles some strange words.
You resist with significant effort.
A hobgoblin comes into view. It is wielding a club.
The hobgoblin shouts!
The orc closely misses you.
You hit the orc.
The orc is severely wounded.
The orc barely misses you. x2
The orc priest miscasts a cantrip.
An orc comes into view. It is wielding a mace.
You hit the orc.
The orc is severely wounded.
The orc hits you with a hand axe. The orc wizard casts a spell at you.
You are confused.
The rat barely misses you.
Unknown command.
You barely miss the orc priest.
The orc priest shouts, "Beogh is our master!
Accept the truth or die!"
You hit the rat.
You kill the rat!
Trog accepts your kill.
You hit the orc but do no damage. The orc hits you with a hand axe. x2
You don't know any spells.
Unknown command.
Unknown command.
The orc priest mumbles some strange prayers to Beogh against you.
Pain shoots through your body!
* * * LOW HITPOINT WARNING * * *
The hobgoblin hits you with a club.
* * * LOW HITPOINT WARNING * * *
The orc wizard hits you but does no damage.
The orc hits you with a hand axe.
* * * LOW HITPOINT WARNING * * *
The orc priest hits you with a dagger.
You die...

#.#.......+ ....
#.........#. ....
#................
#.........# .....
#......... ......
.......#+#......
#.....ooo.....
+<..?.@oo#
#......g.#
+........#
#...)....#
#........#
#........#
####..$..#
#.....# .!....#


You could see an orc priest, an orc wizard, 3 orcs and a hobgoblin.

Vanquished Creatures
  An adder (D:2)
  A giant cockroach (D:2)
  A goblin (D:1)
  2 kobolds
  3 rats
8 creatures vanquished.

Notes
Turn   | Place    | Note
-------+----------+-------------------------------------------
     0 | D:1      | dstrtnsr the Hill Orc Berserker began the quest for the Orb.
     0 | D:1      | Reached XP level 1. HP: 19/19 MP: 1/1
    53 | D:2      | Reached XP level 2. HP: 27/27 MP: 2/2
    77 | D:2      | HP: 9/27 [orc/hand axe (4)]
    78 | D:2      | HP: 3/27 [orc/hand axe (4)]
    78 | D:2      | Slain by an orc priest

Vault maps used:
D:1:      evilmike_arrival_crescent
D:2:      uniq_crazy_yiuf_cottage

Skill      XL: |  1  2 |
---------------+-------+-----
Fighting       | 4 |  4.0
Axes           | |  4.8
Armour         | |  2.1
Dodging        | |  1.5

Action                   || total
-------------------------++-------
Melee: Hand axe          ||    20
Invok: Berserk           ||     1
Armor: Animal skin       ||     1
Dodge: Dodged            ||    12

Table legend:
 A = Spawn XP
 B = Non-spawn XP
 C = Spawn XP percentage of total XP
 D = Spawn monster count
 E = Non-spawn monster count
 F = Spawn count percentage of total count
 G = Total turns spent on level
                    A         B        C        D         E        F      G
               +---------+---------+-------+---------+---------+-------+---------
         Total |       0 |      23 |   0.0 |       0 |       8 |   0.0 |    78
               +---------+---------+-------+---------+---------+-------+---------
           D:1 |       0 |       6 |   0.0 |       0 |       4 |   0.0 |    49
           D:2 |       0 |      17 |   0.0 |       0 |       4 |   0.0 |    29
               +---------+---------+-------+---------+---------+-------+---------
